AoeStats
← Dogga

Arabian Desert

510288653Analyzed
1v1 RM · 1d ago on Sep 30, 2026· 58m 9s· 2 players
Game mode
Random Map
Map size
Tiny (2 player)
Population
200
Speed
Normal
Resources
Standard
Victory
Conquest
Starting age
Dark Age
Ending age
Imperial Age
RankedLock teamsTeams togetherTeam positionsShared explorationLock speedFull tech treeHidden civsTurbo modeCheats
Victory
Defeat
🇹🇼 Shu · Taiwan
972
+17
🇦🇺 Celts · Australia
985
-17
pokemonmastersoji
2:10 Loom
7:24 Loom
9:57 Feudal Age
10:59 Double-Bit Axe
14:26 Gold Mining
16:43 Fletching
23:10 Castle Age
21:53 Padded Archer Armor
23:28 Crossbowman
25:26 Bodkin Arrow
27:43 Ballistics
36:40 Leather Archer Armor
42:18 Thumb Ring
47:34 Imperial Age
47:36 Arbalester
49:33 Bracer
50:51 Ring Archer Armor
53:29 Chemistry
Dogga
4:16 Loom
11:32 Feudal Age
11:59 Man-at-Arms
12:46 Double-Bit Axe
13:36 Man-at-Arms
20:13 Fletching
22:51 Town Watch
25:33 Castle Age
23:41 Double-Bit Axe
24:08 Padded Archer Armor
24:02 Horse Collar
26:14 Bodkin Arrow
26:35 Leather Archer Armor
26:38 Elite Skirmisher
40:07 Gambesons
41:42 Long Swordsman
42:35 Scale Mail Armor
43:13 Gambesons
46:11 Gold Mining
47:28 Stronghold
50:58 Wheelbarrow
54:47 Chain Mail Armor
Connection lost

Rejoining the realm…

Still unreachable

The connection could not be restored.

Session expired

The server has moved on; the page needs a fresh start.